 Dungeon Sprint DCSS version 0.18.1-50-g88ac8fd (webtiles) character file.

1805 Nordron the Protected (level 8, -26/80 HPs)
             Began as a Minotaur Fighter on Sept 30, 2016.
             Was a Priest of Cheibriados.
             Killed from afar by a deep elf mage (42 damage)
             ... with a shard of ice
             ... in the Dungeon (Sprint IX: "|||||||||||||||||||||||||||||").
             The game lasted 00:04:32 (344 turns).

Nordron the Protected (Minotaur Fighter)             Turns: 344, Time: 00:04:33

Health: -26/80     AC: 12    Str: 36    XL:     8   Next: 84%
Magic:  7/7        EV: 12    Int: 13    God:    Cheibriados [***...]
Gold:   0          SH: 16    Dex: 21    Spells: 0 memorised, 7 levels left

rFire  . . .     SeeInvis .     r - +2 morningstar (flame)
rCold  . . .     Gourm    .     w - +1 scale mail
rNeg   . . .     Faith    .     c - +0 shield
rPois  .         Spirit   .     (helmet restricted)
rElec  .         Dismiss  .     (no cloak)
rCorr  .         Reflect  .     v - +0 pair of gloves
SustAt .         Harm     .     (no boots)
MR     .....     NoTele   +     (no amulet)
Stlth  ..........               y - +3 ring of strength
                                x - +2 ring of evasion

@: mighty, very slow, not resistant to hostile enchantments, extremely
unstealthy
A: retaliatory headbutt, horns 2
a: Bend Time, Temporal Distortion, Renounce Religion


You were in the Dungeon.
You worshipped Cheibriados.
Cheibriados was most pleased with you.
You were not hungry.

You visited 1 branch

Inventory:

Hand Weapons
 q - a +2 halberd of venom
 r - a +2 morningstar of flaming (weapon)
 u - a +3 war axe of freezing
Armour
 c - a +0 shield (worn)
 v - a +0 pair of gloves (worn)
 w - a +1 scale mail (worn)
Jewellery
 x - a +2 ring of evasion (left hand)
 y - a +3 ring of strength (right hand)
Wands
 p - a wand of iceblast (7/15)
Scrolls
 k - 2 scrolls of blinking
 n - 3 scrolls of remove curse
 o - 2 scrolls of amnesia
Potions
 e - 5 potions of curing
 g - 3 potions of heal wounds
 i - 4 potions of magic
 m - a potion of invisibility
Comestibles
 f - a bread ration


   Skills:
 + Level 10.3 Fighting
 + Level 9.9 Maces & Flails
 * Level 13.8 Armour
 * Level 13.7 Shields


You had 7 spell levels left.
You didn't know any spells.

Dungeon Overview and Level Annotations

Branches:
Dungeon (1/1)

Altars:
Cheibriados
Dithmenos
Elyvilon
Fedhas
Gozag
Kikubaaqudgha
Makhleb
Nemelex Xobeh
Okawaru
Pakellas
Qazlal
Ru
Sif Muna
Trog
Vehumet
Xom
Yredelemnul
Zin
The Shining One
Beogh
Jiyva
Lugonu


Innate Abilities, Weirdness & Mutations

You reflexively headbutt those who attack you in melee.
You have a pair of horns on your head.


Message History

Your Fighting skill increases to level 10!
The deep elf mage points at you and mumbles some strange words.
The shard of ice hits you! The deep elf mage casts a spell at you.
The bolt of cold hits you!
* * * LOW HITPOINT WARNING * * *
Items here: ( ) †† an uncursed shortbow; 28 arrows; an ugly thing corpse; a centaur corpse You hit the deep elf mage.
You burn the deep elf mage.
The deep elf mage is lightly wounded.
The deep elf mage hits you but does no damage.
You completely miss the deep elf mage.
The deep elf mage is lightly wounded.
You block the deep elf mage's attack.
You hit the deep elf mage. You burn the deep elf mage.
The deep elf mage is moderately wounded.
The deep elf mage points at you and mumbles some strange words.
The shard of ice hits you!
Ouch! That really hurt!
You die... ▓▓▓▓▓▓▓▓▓▓▓▓▓▓▓▓▓▓▓▓▓▓▓ +.Zzhe@'(.....'..![.)|. ▓▓▓▓▓▓▓▓▓▓▓▓▓▓▓▓▓▓▓▓▓▓▓

You could see a deep elf mage, a hound, a wight and an adder zombie.

Vanquished Creatures
  A centaur warrior (D)
  An ugly thing (D)
  A troll (D)
  A wraith (D)
  A hungry ghost (D)
  An ice beast (D)
  A killer bee (D)
  A jelly (D)
  An orc wizard (D)
  A gnoll shaman (D)
  An iguana (D)
  An adder (D)
  An ooze (D)
  A dart slug (D)
  A ball python (D)
  A goblin (D)
  A bat (D)
  A kobold (D)
18 creatures vanquished.

Notes
Turn   | Place    | Note
--------------------------------------------------------------
     0 | D        | Nordron the Minotaur Fighter began the quest for the Orb.
     0 | D        | Reached XP level 1. HP: 19/19 MP: 0/0
    11 | D        | Reached XP level 2. HP: 26/27 MP: 1/1
    28 | D        | Reached skill level 5 in Armour
    28 | D        | Reached skill level 5 in Shields
    28 | D        | Reached XP level 3. HP: 35/35 MP: 2/2
    30 | D        | Reached skill level 5 in Fighting
    39 | D        | Reached XP level 4. HP: 39/42 MP: 3/3
    55 | D        | Found a glowing silver altar of Zin.
    55 | D        | Found a glowing golden altar of the Shining One.
    55 | D        | Found an ancient bone altar of Kikubaaqudgha.
    55 | D        | Found a basalt altar of Yredelemnul.
    55 | D        | Found a shimmering altar of Xom.
    55 | D        | Found a radiant altar of Vehumet.
    56 | D        | Found an iron altar of Okawaru.
    57 | D        | Found a burning altar of Makhleb.
    58 | D        | Found a deep blue altar of Sif Muna.
    59 | D        | Found a bloodstained altar of Trog.
    60 | D        | Found a sparkling altar of Nemelex Xobeh.
    61 | D        | Found a white marble altar of Elyvilon.
    62 | D        | Found a roughly hewn altar of Beogh.
    63 | D        | Found a viscous altar of Jiyva.
    64 | D        | Found a corrupted altar of Lugonu.
    65 | D        | Found a blossoming altar of Fedhas.
    66 | D        | Found a snail-covered altar of Cheibriados.
    67 | D        | Found a shadowy altar of Dithmenos.
    68 | D        | Found a stormy altar of Qazlal.
    69 | D        | Found an opulent altar of Gozag.
    70 | D        | Found a sacrificial altar of Ru.
    71 | D        | Found an oddly glowing altar of Pakellas.
    74 | D        | Became a worshipper of Cheibriados the Contemplative
   123 | D        | Noticed a troll
   123 | D        | Noticed a hungry ghost
   123 | D        | Noticed a wraith
   123 | D        | Noticed an ice beast
   127 | D        | Killed an ice beast
   127 | D        | Reached skill level 5 in Maces & Flails
   127 | D        | Reached XP level 5. HP: 51/51 MP: 4/4
   129 | D        | Reached * piety under Cheibriados
   130 | D        | Reached ** piety under Cheibriados
   130 | D        | Reached XP level 6. HP: 54/60 MP: 5/5
   132 | D        | Killed a wraith
   132 | D        | Reached skill level 10 in Armour
   132 | D        | Reached skill level 10 in Shields
   136 | D        | Killed a hungry ghost
   136 | D        | Reached XP level 7. HP: 59/68 MP: 6/6
   140 | D        | Killed a troll
   140 | D        | Reached *** piety under Cheibriados
   334 | D        | Noticed a deep elf mage
   334 | D        | Noticed a red ugly thing
   334 | D        | Noticed a centaur warrior
   338 | D        | Killed a centaur warrior
   338 | D        | Reached XP level 8. HP: 61/79 MP: 7/7
   340 | D        | Killed a red ugly thing
   340 | D        | Reached skill level 10 in Fighting
   344 | D        | Killed from afar by a deep elf mage

Skill      XL: |  1  2  3  4  5  6  7  8 |
---------------+-------------------------+-----
Armour         | 4 5 7 8 9 11 13 | 13.8
Shields        | 4 5 7 8 9 11 13 | 13.7
Fighting       | 4 5 6 7 8 9 10 | 10.3
Maces & Flails | 3 4 5 6 7 9 |  9.9

Action                   |  1- 3 |  4- 6 |  7- 9 || total
-------------------------+-------+-------+-------++-------
Melee: Flail             |    25 |     6 |       ||    31
       Headbutt          |     5 |     4 |     4 ||    13
       Morningstar       |       |    12 |    11 ||    23
  Use: Potion            |       |       |     1 ||     1
Armor: Scale mail        |     3 |     7 |     3 ||    13
Dodge: Dodged            |     5 |     8 |     5 ||    18
Block: Shield            |    11 |     7 |     5 ||    23
